 Dungeon Crawl Stone Soup version 0.29.0-10-g45618ea6d2 (webtiles) character file.

Game seed: 13542467640545621742

3 browni3141 the Vexing (level 1, -1/19 HPs)
             Began as an Ogre Enchanter on Sept 1, 2022.
             Slain by a goblin
             ... wielding a +2 dagger of protection
              (2 damage)
             ... on level 1 of the Dungeon.
             The game lasted 00:00:28 (146 turns).

browni3141 the Vexing (Ogre Enchanter)               Turns: 146, Time: 00:00:28

Health: -1/19      AC:  3    Str: 11    XL:     1   Next: 50%
Magic:  3/3        EV:  9    Int: 16    God:
Gold:   0          SH:  0    Dex:  9    Spells: 4/4 levels left

rFire   . . .      SeeInvis .   d - +0 club
rCold   . . .      Faith    .   (no shield)
rNeg    . . .      Spirit   .   b - +0 robe
rPois   .          Reflect  .   (helmet restricted)
rElec   .          Harm     .   (no cloak)
rCorr   .          Rampage  .   (gloves unavailable)
Will    .....                   (boots unavailable)
Stlth   ++........              (no amulet)
HPRegen 0.06/turn               (no ring)
MPRegen 0.08/turn               (no ring)

@: invisible
A: large, unfitting armour, tough skin 1
a: no special abilities


You were on level 1 of the Dungeon.
You visited 1 branch of the dungeon, and saw 1 of its levels.


Innate Abilities, Weirdness & Mutations

You are too large for most types of armour.
You have tough skin. (AC +1)


   Skills:
 * Level 1.3 Fighting
 - Level 0.8 Short Blades
 - Level 1.7 Dodging
 - Level 2.1 Stealth
 - Level 2.4 Spellcasting
 - Level 2.6 Hexes


You had 4 spell levels left.
You didn't know any spells.
Your spell library contained the following spells:

 Spells                   Type           Power      Damage    Failure   Level
 Ensorcelled Hibernation  Hex/Ice        12%        N/A       17%         2
 Confusing Touch          Hex            10%        N/A       21%         3
 Tukima's Dance           Hex            10%        N/A       21%         3
 Dazzling Flash           Conj/Hex       12%        N/A       34%         3

Inventory:

Hand Weapons
 a - a +1 dagger
 d - a +0 club (weapon)
Armour
 b - a +0 robe (worn)
Potions
 c - a potion of invisibility

Dungeon Overview and Level Annotations

Branches:
Dungeon (1/15)

Altars:

##.#############
.....rg@....†..#
#.############.#
### #.####.¦¦¦¦
#...¦¦¦.P.P
#..¦.......
#.¦¦P.PP...
#¦P....P..P
###¦..P.P.P.P
#..¦.........


You could see a goblin (unable to see you) and a rat (unable to see you).


Message History

The goblin is moderately wounded.
The goblin hits you with a +2 dagger of protection.
* * * LOW HITPOINT WARNING * * *
You barely miss the goblin.
The goblin is moderately wounded.
The goblin completely misses you.
You barely miss the goblin.
The goblin is moderately wounded.
The goblin hits you but does no damage.
The goblin hits you with a +2 dagger of protection.
* * * LOW HITPOINT WARNING * * *
You fade into invisibility!
The goblin closely misses you.
You closely miss the goblin. The goblin closely misses you.
You catch the helpless goblin completely off-guard!
You hit the goblin.
The goblin is moderately wounded.
You hit the goblin but do no damage.
The goblin is moderately wounded.
The goblin barely misses you.
You strike the helpless goblin from behind!
You hit the goblin but do no damage.
The goblin is moderately wounded.
The goblin barely misses you.
The goblin hits you with a +2 dagger of protection.
* * * LOW HITPOINT WARNING * * *
You barely miss the goblin.
The goblin is moderately wounded.
The goblin hits you with a +2 dagger of protection.
You die...

Skill      XL: |  1 |
---------------+----+-----
Fighting       | 1 |  1.3
Short Blades   | |  0.8
Dodging        | |  1.7
Stealth        | |  2.1
Spellcasting   | |  2.4
Hexes          | |  2.6

Action                   || total
-------------------------++-------
Melee: Club              ||    18
       Dagger            ||     6
  Use: Potion            ||     1
 Stab: Invisible         ||     2
Armor: Robe              ||     1
Dodge: Dodged            ||    15

Levels and vault maps discovered:
D:1:      minmay_arrival_checkered_box, layout_basic,
          shapermc_ecumenical_altar_gd

Notes
Turn   | Place    | Note
-------+----------+-------------------------------------------
     0 | D:1      | browni3141 the Ogre Enchanter began the quest for the Orb.
     0 | D:1      | Reached XP level 1. HP: 16/16 MP: 3/3
    11 | D:1      | Found a faded altar of an unknown god.
    30 | D:1      | Reached skill level 1 in Fighting
   145 | D:1      | HP: 1/19 [goblin/+2 dagger of protection (1)]
   146 | D:1      | Slain by a goblin

Vanquished Creatures
  A goblin (D:1)
  A hobgoblin (D:1)
  A ball python (D:1)
3 creatures vanquished.

Table legend: (Time is in decaauts)
 A = Elapsed time spent in this place.
 B = Non-inter-level travel time spent in this place.
 C = Inter-level travel time spent in this place.
 D = Time resting spent in this place.
 E = Time spent auto-exploring this place.
 F = Levels seen in this place.
 G = Mean time per level.
                   A        B        C        D        E       F      G
               +--------+--------+--------+--------+--------+-----+--------+
         Total |    150 |    150 |      0 |      8 |     90 |   1 |  150.0 |
       Dungeon |    150 |    150 |      0 |      8 |     90 |   1 |  150.0 |
               +--------+--------+--------+--------+--------+-----+--------+

Top non-repeatable levels by time:
     D:1: 150 daAuts

Table legend:
 A = Non-vault XP
 B = Vault XP
 C = Vault XP percentage of total XP
 D = Non-vault monster count
 E = Vault monster count
 F = Vault count percentage of total count
                 A         B        C        D         E       F
            +---------+---------+-------+---------+---------+-------
      Total |       5 |       0 |   0.0 |       3 |       0 |   0.0
            +---------+---------+-------+---------+---------+-------
        D:1 |       5 |       0 |   0.0 |       3 |       0 |   0.0
            +---------+---------+-------+---------+---------+-------
